[Event "*** Titled Tuesday Blitz"]
[Site "Chess.com"]
[Date "2020.12.29"]
[Round "8"]
[White "Leo_C"]
[Black "geordie_derraugh"]
[Result "1-0"]
[WhiteElo "2382"]
[BlackElo "2509"]
[TimeControl "180+1"]
[EndTime "11:29:31 PST"]
[Termination "Leo_C won by resignation"]

1. d4 Nf6 2. c4 e6 3. Nc3 Bb4 4.
e3 O-O 5. Bd3 b6 6. a3 Be7 7. e4 d6 8. Nf3 Bb7 9. O-O Nbd7 10. b4 e5 11. d5 a5 12. Bd2 h6 13.
Qe2 Nh7 14. g3 Ng5 15. Ne1 Bc8 16. f4 axb4 17. Na2 exf4 18. gxf4 Bf6 19. Rb1 Rxa3 20. Bxb4 Bd4+ 21. Kh1 Rxa2 22. Qxa2 Nh7 23. Nf3 Be3 24. Bd2 Bxd2 25. Qxd2 Nc5 26. Bc2 Re8 27. e5 Bg4 28.
Qg2 Bxf3 29. Qxf3 Qh4 30. Rg1 dxe5 31. Bxh7+ Kxh7 32. fxe5 Rxe5 33. Rbf1 f6 34. Qg2 Rg5 35. Qf3 Qxc4 36. Rxg5 hxg5 37. Qh3+ Kg8 38. Qc8+ Kh7 39.
Qh3+ Kg6 40. Qf3 Qe4 41. Qxe4+ Nxe4 42. Rc1 Kf5 43. Rxc7 Ke5 44. Rc6 Kxd5 45. Rxb6 Ke5 46. Rb7 g6 47. Kg2 Kf4 48. Rb5 f5 49. Rb6 g4 50.
Rxg6 Ng5 51. Ra6 Nf3 52. Ra4+ Kg5 53. Kg3 Ne5 54. Ra5 Ng6 55. Kg2 Kh4 56. Rxf5 g3 57. hxg3+ Kg4 58. Ra5 Ne7 59. Ra4+ Kg5 60. Kf3 Nf5 61. Ra5 Kf6 62. Kf4 Ne7 63. Ra6+ Kf7 64. g4 Kg7 65. Ra7 Kf6 66. Rxe7 Kxe7 67. Kg5 Kf7 68. Kh6 Kg8 69. Kg6 Kh8 70. Kh6 Kg8 71. Kg6 Kh8 72. Kf6 Kh7 73. g5 Kh8 74. Kf7 Kh7 75.
g6+ 1-0

[Event "*** Titled Tuesday Blitz"]
[Site "Chess.com"]
[Date "2020.12.29"]
[Round "8"]
[White "Vaathi_Coming"]
[Black "QuintilianoR"]
[Result "1-0"]
[WhiteElo "2841"]
[BlackElo "2662"]
[TimeControl "180+1"]
[EndTime "11:29:38 PST"]
[Termination "Vaathi_Coming won by resignation"]

1. g3 d5 2. Bg2 Nf6 3. d4 e6 4. Nf3 Be7 5. O-O O-O 6. c4 dxc4 7. Na3 Bxa3 8. bxa3 Nc6 9. a4 a6 10. Ba3 Re8 11. Rc1 b5 12. Ne5 Nxe5 13. Bxa8 Ng6 14. Bc5 Nd5 15. axb5 axb5 16. Bc6 Bd7 17. Bxd7 Qxd7 18.
a4 c6 19. e4 Nf6 20. f3 e5 21. Rf2 exd4 22. Bxd4 Rd8 23. Rd2 Ne5 24. axb5 cxb5 25. Rc3 h6 26. Qb1 Qc6 27. Kg2 Ned7 28. Bxf6 Qxf6 29.
Rc1 Nc5 30. Rxd8+ Qxd8 31. Rd1 Nd3 32. Qxb5 Nf4+ 33. gxf4 Qxd1 34. Qxc4 Qd2+ 35. Kg3 Qe1+ 36. Kg2 Qd2+ 37. Kg3 Qe1+ 38. Kh3 Qf2 39. Qd3 Qg1 40. Qe2 Qc1 41. Kg3 Qg1+ 42. Qg2 Qe1+ 43. Qf2 Qc1 44. Qe2 Qg1+ 45. Qg2 Qc1 46. Qf2 f6 47.
Qd4 Qe1+ 48. Kg2 Qe2+ 49. Qf2 Qd3 50. f5 Qd6 51. Qg3 Qd2+ 52. Kh3 Qd1 53. Qg2 Kh7 54.
Qg6+ Kh8 55. Qg3 Kh7 56. Kh4 Qc1 57. Kh5 Qd1 58. Qg6+ Kh8 59. Qg4 Qd7 60. Kh4 Qd1 61.
Qg2 Qe1+ 62. Kg4 Qd1 63. Kg3 Qd8 64. Qf2 Qd6+ 65. Kg2 Qd3 66. Qg3 Qd2+ 67. Qf2 Qd1 68. Qb2 Kh7 69. Kf2 Qh1 70. Ke3 Qg1+ 71. Qf2 Qf1 72.
Qxf1 1-0

[Event "*** Titled Tuesday Blitz"]
[Site "Chess.com"]
[Date "2020.12.29"]
[Round "8"]
[White "Dynamikus"]
[Black "PotapovaM"]
[Result "1-0"]
[WhiteElo "2735"]
[BlackElo "2542"]
[TimeControl "180+1"]
[EndTime "11:29:38 PST"]
[Termination "Dynamikus won on time"]

1. e4 c5 2. Nf3 d6 3. d4 cxd4 4.
Nxd4 Nf6 5. Nc3 a6 6. Be3 e5 7. Nb3 Be6 8. h3 Be7 9. f4 exf4 10. Bxf4 Nc6 11. Qe2 Nd7 12. O-O-O Nce5 13. g4 Rc8 14.
Qe3 O-O 15. Kb1 Qc7 16. Nd4 Rfd8 17. Nf5 Bf8 18. g5 Nb6 19. Qg3 Nbc4 20. Bxc4 Nxc4 21.
Rh2 Qb6 22. Bc1 g6 23. Rf2 Na3+ 24. Ka1 Rxc3 25. Qxc3 Qxf2 26. Nh6+ Bxh6 27. gxh6 f6 28. bxa3 Rc8 29. Qd4 Qxd4+ 30. Rxd4 Rxc2 31. Bb2 Re2 32. Bc3 Kf7 33. Rxd6 Rxe4 34. Rb6 g5 35. Rxb7+ Kg6 36. Rg7+ Kxh6 37. Bxf6 Re1+ 38. Kb2 Re2+ 39. Kc3 Bxh3 40.
Rxg5 Rxa2 41. Kb4 Rf2 42. Be7 Bf1 43. Rg3 Rf4+ 44. Kc5 Rf7 45. Kd6 Bb5 46. Rg4 Kh5 47. Rh4+ Kg6 48. Ke6 Bc4+ 49. Rxc4 h5 50. Rc8 Rf1 51.
Rg8+ Kh7 52. Ra8 Kg6 53. Rxa6 h4 54. Bxh4 Kh5 55. Bf6 Kg4 56. Ra4+ Kg3 57. Rb4 Re1+ 58. Be5+ Kf3 59. a4 Rc1 60. a5 Ke3 61. Kd5 Rd1+ 62. Bd4+ Kf3 63. a6 Rh1 64. a7 Rh5+ 65. Kc4 Rh8 66.
Rb8 Rh7 67. a8=Q+ Ke2 68. Re8+ Kd1 69. Qa1+ 1-0

[Event "*** Titled Tuesday Blitz"]
[Site "Chess.com"]
[Date "2020.12.29"]
[Round "8"]
[White "Love_craft"]
[Black "SamuelGhimpu2003"]
[Result "1/2-1/2"]
[WhiteElo "2485"]
[BlackElo "2604"]
[TimeControl "180+1"]
[EndTime "11:29:40 PST"]
[Termination "Game drawn by repetition"]

1. Nf3 Nf6 2. g3 g6 3. Bg2 Bg7 4. O-O O-O 5. d4 d5 6. Nbd2 Nc6 7. c3 Re8 8. Ne5 Nxe5 9. dxe5 Nd7 10. f4 e6 11. e4 Nc5 12. exd5 exd5 13. Nf3 Ne4 14. Be3 c5 15. Nd2 d4 16. Nxe4 dxe3 17. Qxd8 Rxd8 18.
Rfd1 Bg4 19. Rxd8+ Rxd8 20. Re1 b6 21. h3 Bf5 22.
Rxe3 Rd1+ 23. Kf2 Rb1 24. Re2 c4 25. g4 Be6 26. Nd6 Bf8 27. Be4 Rd1 28. f5 gxf5 29. gxf5 Bxd6 30. fxe6 Bc5+ 31. Kf3 fxe6 32. Rg2+ Kf7 33.
Bxh7 Rf1+ 34. Ke2 Rh1 35. Bg8+ Ke7 36. Rg7+ Kf8 37. Rg3 Rh2+ 38. Kf3 Rf2+ 39. Ke4 Re2+ 40. Kf4 Rf2+ 41. Ke4 Ke7 42. Rg7+ Kf8 43. Rg6 Re2+ 44. Kf3 Re3+ 45. Kf4 Rxh3 46. Bxe6 Rh4+ 47. Kg5 Rh2 48. Rg8+ Ke7 49. Bxc4 Rxb2 50. Rg7+ Kd8 51. Rxa7 Rc2 52. e6 Rxc3 53. Bb5 Re3 54. Kf5 Re1 55. Rd7+ Kc8 56. Rd5 Kc7 57. Re5 Rxe5+ 58. Kxe5 Kd8 59. Kd5 Ke7 60.
Bd7 Bg1 61. Kc4 Bf2 62. Kb5 Bg1 63. a4 Bf2 64. Kc4 Bg1 65. Kd3 Bf2 66. Ke2 Bc5 67. Kd3 Bb4 68. Ke4 Be1 69. Kf3 Bb4 70. Kf4 Bc5 71. Ke4 Bg1 72. Kd5 Bf2 73. Kc6 Bg1 74.
Kb5 Bf2 75. a5 bxa5 76. Kxa5 Bh4 77. Kb5 Bf6 78. Ka4 Bh4 79. Kb5 Be1 80. Ka4 Bh4 81. Kb5 1/2-1/2

[Event "*** Titled Tuesday Blitz"]
[Site "Chess.com"]
[Date "2020.12.29"]
[Round "8"]
[White "Fh2411"]
[Black "nubair1198"]
[Result "0-1"]
[WhiteElo "2563"]
[BlackElo "2738"]
[TimeControl "180+1"]
[EndTime "11:30:07 PST"]
[Termination "nubair1198 won by resignation"]

1. d4 d5 2. Nf3 Nf6 3. c4 c6 4. cxd5 cxd5 5. Nc3 Nc6 6. Bf4 Ne4 7. e3 Nxc3 8. bxc3 e6 9. Bd3 Bd6 10. Bxd6 Qxd6 11.
O-O O-O 12. c4 dxc4 13. Bxc4 b6 14. Bb3 Bb7 15. d5 exd5 16. Qxd5 Qxd5 17. Bxd5 Na5 18.
Rfd1 Rfd8 19. Bxb7 Nxb7 20. Ne5 Kf8 21. g4 Nc5 22.
Kg2 f6 23. Nc6 Rdc8 24. Nd4 Rd8 25. Rac1 Kf7 26. h4 g6 27. Nb5 a6 28. Nc7 Rxd1 29.
Rxd1 Rc8 30. Nd5 Rd8 31. g5 Ne6 32. gxf6 Nc7 33. Nc3 Rxd1 34. Nxd1 Kxf6 35. Kf3 Ke5 36. Nb2 b5 37. Nd3+ Kd6 38. Ke4 Ne6 39. Nb4 a5 40. Nc2 Nc5+ 41. Kd4 Ne6+ 42. Ke4 Ng7 43. Nd4 b4 44. f4 a4 45. Kd3 Kc5 46. e4 Nh5 47. f5 gxf5 48. exf5 Nf6 49. Ne6+ Kb5 50. Nd4+ Kc5 51. Ne6+ Kd5 52. Nc7+ Ke5 53. Na6 b3 54. axb3 axb3 55. Kc3 Kxf5 56. Kxb3 Kg4 57. Nc5 Kxh4 58. Kc3 Kg3 59. Kd3 h5 60. Ne6 h4 61. Ng5 Kf4 62.
Nh3+ Kg4 63. Ng1 Kg3 64. Ke3 Kg2 65. Ne2 Nd5+ 66. Ke4 h3 67. Kxd5 h2 68. Nf4+ Kf3 69.
Nd3 h1=Q 70. Ne5+ Kf4+ 71. Ke6 Qa1 72. Ng6+ Kg5 73. Ne7 Qa6+ 74. Kd7 Qa1 75. Nc6 Kf6 76. Kd6 Qd1+ 77. Kc5 Ke6 78. Nd4+ Ke5 79. Nc6+ Ke4 80. Kb6 Qd6 81. Kb5 Kd5 82. Nb4+ Kd4 83. Nc6+ Kc3 84. Na5 Qb4+ 85. Ka6 Qb1 86. Nc6 Kc4 87. Na5+ Kc5 88. Nb7+ Kc6 89. Na5+ Kc7 90. Nc4 Qb4 0-1

[Event "*** Titled Tuesday Blitz"]
[Site "Chess.com"]
[Date "2020.12.29"]
[Round "8"]
[White "Harry_Rakkel"]
[Black "AttilaTurzo"]
[Result "1-0"]
[WhiteElo "2638"]
[BlackElo "2487"]
[TimeControl "180+1"]
[EndTime "11:30:08 PST"]
[Termination "Harry_Rakkel won on time"]

1. e4 c5 2. Nf3 Nc6 3. d4 cxd4 4. Nxd4 Nf6 5. Nc3 d6 6. Bg5 e6 7. Qd2 a6 8. O-O-O Bd7 9. f4 b5 10. Bxf6 gxf6 11. Kb1 Qb6 12. Nce2 Na5 13. g3 Nc4 14.
Qd3 Rb8 15. Bg2 a5 16. Rhf1 Qc5 17. f5 e5 18. Nb3 Qb6 19. Nc3 Ne3 20. Nd5 Nxd5 21.
Qxd5 Bc6 22. Qd3 b4 23. Rfe1 h5 24. Bf1 a4 25. Nd2 Rd8 26. Nc4 Qc5 27. Ne3 h4 28.
g4 Bh6 29. Nd5 Bg5 30. h3 Kf8 31. Qc4 Kg7 32. Qxc5 dxc5 33. Bc4 a3 34. b3 Rd6 35. Rd3 Rhd8 36. Red1 Bb7 37. c3 Bxd5 38. Bxd5 Kf8 39.
Kc2 Ke7 40. Rf1 Rc8 41. Rf2 Rb8 42. Kd1 Rbd8 43. Rc2 Rb8 44. Ke2 Rd7 45. cxb4 cxb4 46. Rc4 Rb6 47. Ba8 Rxd3 48. Kxd3 Kd6 49. Bd5 Bc1 50. Rc8 Ke7 51. Rc7+ Ke8 52. Bxf7+ Kd8 53.
Ra7 Rd6+ 54. Bd5 Rd7 55. Ra8+ Ke7 56. Rh8 Bg5 57. Kc4 Rc7+ 58. Kxb4 Rc2 59. Kxa3 Rh2 60. b4 Rxh3+ 61. Ka4 Rh1 62. Kb5 h3 63. a4 h2 64.
a5 Bf4 65. a6 Ra1 66. Kb6 h1=Q 67. Rxh1 Rxh1 68. b5 Be3+ 69. Kb7 Rb1 70. Bc6 Kd6 71. a7 Bxa7 72. Kxa7 Kc7 73. b6+ Rxb6 74. Bd5 Rb1 75.
Ka6 Rg1 76. Kb5 Rxg4 77. Kc5 Rg2 78. Kc4 Rd2 79. Kb5 Rd4 80. Kc5 Kd8 81. Kd6 Ra4 82. Ke6 Ra6+ 83. Kf7 Kd7 84. Be6+ Kd6 85. Kxf6 Rb6 86.
Bd5 Rb8 87. Kg7 1-0

[Event "*** Titled Tuesday Blitz"]
[Site "Chess.com"]
[Date "2020.12.29"]
[Round "8"]
[White "dretch"]
[Black "BogdanDeac"]
[Result "0-1"]
[WhiteElo "2843"]
[BlackElo "3015"]
[TimeControl "180+1"]
[EndTime "11:30:54 PST"]
[Termination "BogdanDeac won on time"]

1. d4 d5 2. c4 e6 3. Nc3 Be7 4.
cxd5 exd5 5. Bf4 c6 6. e3 Nd7 7. Bd3 Nf8 8. Nge2 Ne6 9. Be5 Nf6 10. Qc2 h6 11. h3 O-O 12. O-O b6 13. Rad1 Bb7 14.
Ng3 Nd7 15. Nf5 Nxe5 16. dxe5 Re8 17. f4 Bf8 18. Qf2 Bc8 19. Bb1 Nc7 20. Nd4 c5 21. Nf3 Qd7 22. Qc2 g6 23. Ne4 Be7 24. Qf2 Qc6 25. Ng3 f5 26. exf6 Qxf6 27. Ne5 Bf5 28. Bxf5 gxf5 29. Qf3 Kh7 30. Qh5 Rf8 31. Nd7 Qe6 32.
Nxf8+ Rxf8 33. Rfe1 Bd6 34. Nh1 Rg8 35. Nf2 Qf6 36.
Re2 Rg6 37. Qf3 Qe6 38. b3 c4 39. bxc4 dxc4 40. e4 Bc5 41. exf5 Qxf5 42. g4 Ne6 43. Rd7+ Kh8 44. Qa8+ Nf8 45. Rxa7 Qxf4 46. Kg2 Rf6 47. Qe4 Qc1 48. Rc7 Bxf2 49. Rxf2 Rxf2+ 50. Kxf2 Qd2+ 51. Kf3 Qd6 52. Rxc4 Qf6+ 53. Ke2 Ne6 54.
Ke1 Qa1+ 55. Kf2 Qf6+ 56. Kg1 b5 57. Rc1 Kg7 58. Qe3 Ng5 59. Rf1 Qd6 60. h4 Ne6 61.
Kg2 Qd5+ 62. Kg3 Qxa2 63. Qe5+ Kg8 64. Qb8+ Kh7 65. Qb7+ Ng7 66. Qe4+ Kg8 67. Re1 Qb3+ 68. Re3 Qb2 69. Qd5+ Kh7 70. Qd3+ Kg8 71. Rf3 b4 72. Qd5+ Kh7 73. Qe4+ Kg8 74. Qc4+ Kh7 75. Rb3 Qe5+ 76. Kf3 Qf6+ 77. Kg3 Qe5+ 78. Kh3 Qe1 79. Qxb4 Qh1+ 80. Kg3 Qg1+ 81. Kf3 Qh1+ 82. Kf2 Qxh4+ 83. Kg2 Qf6 84. Rf3 Qg6 85. Rg3 Qc2+ 86. Kh3 Qg6 87. Qe7 Qb1 88. Kh2 Qc2+ 89. Rg2 Qd3 90. Qe5 Qg6 91. Kh1 Ne6 92.
Kg1 Ng5 93. Kf1 Qb1+ 94. Qe1 Qb5+ 95. Qe2 Qb1+ 96. Kf2 Qb7 97. Qd3+ Kg7 98. Rg1 Qf7+ 99.
Kg2 Qb7+ 100. Kg3 Qc7+ 101. Kg2 Qc6+ 102. Kf2 Ne4+ 103. Ke3 Nf6 104. Rd1 Nxg4+ 105. Kf4 Nf6 106. Rg1+ Kf8 107. Qa3+ Kf7 108. Qa2+ Kf8 109. Qa3+ Kf7 110. Qb3+ Ke7 0-1

[Event "*** Titled Tuesday Blitz"]
[Site "Chess.com"]
[Date "2020.12.29"]
[Round "8"]
[White "Rytenko_V"]
[Black "Tsyhanchuk_Stanislav"]
[Result "1/2-1/2"]
[WhiteElo "2416"]
[BlackElo "2282"]
[TimeControl "180+1"]
[EndTime "11:31:08 PST"]
[Termination "Game drawn by repetition"]

1. d4 Nf6 2. Nf3 e6 3. Bg5 d5 4. e3 Be7 5. Bd3 c5 6. c3 Nc6 7. O-O O-O 8. Nbd2 Qc7 9. Rc1 e5 10. dxe5 Nxe5 11. Nxe5 Qxe5 12. Bf4 Qe6 13. c4 Bd7 14. Nf3 Bc6 15. Ne5 Bd6 16. Nxc6 bxc6 17. Qf3 Rab8 18. b3 a5 19. Rfd1 Rfd8 20. h3 h6 21. g4 Bxf4 22. Qxf4 Ne4 23. cxd5 cxd5 24.
Bxe4 dxe4 25. Rxd8+ Rxd8 26. Rxc5 a4 27. bxa4 Qxa2 28.
Qxe4 Qe2 29. Rc7 Rd1+ 30. Kg2 Qf1+ 31. Kg3 Qg1+ 32. Qg2 Qe1 33. Rc8+ Kh7 34. Qe4+ g6 35. Rc7 Qg1+ 36. Qg2 Kg7 37. Qxg1 Rxg1+ 38. Kf3 Ra1 39. Ra7 Ra3 40. a5 h5 41. Kf4 Kf6 42.
Ra6+ Kg7 43. f3 Ra4+ 44. e4 hxg4 45. hxg4 f6 46. Ra7+ Kh6 47. a6 Ra5 48. Kg3 g5 49.
Ra8 Kg7 50. Kf2 Ra3 51. Ke2 Ra2+ 52. Kd3 Ra3+ 53. Ke2 Ra2+ 54. Kf1 Ra1+ 55. Kg2 Ra2+ 56. Kg3 Ra3 57. a7 Ra2 58. e5 fxe5 59. Re8 Rxa7 60.
Rxe5 Kg6 61. Rb5 Ra6 62. Rc5 Rd6 63. Rc3 Rf6 64. Kf2 Re6 65. Rc4 Rf6 66. Ke3 Re6+ 67.
Re4 Rd6 68. Re5 Rf6 69. Rd5 Rb6 70. Ke4 Rf6 71. Rf5 Re6+ 72. Kd4 Rd6+ 73. Ke5 Ra6 74. Rf8 Ra5+ 75. Ke6 Ra6+ 76. Kd5 Ra5+ 77. Kc4 Ra4+ 78. Kb3 Ra6 79. Kc2 Rd6 80. Rf5 Rc6+ 81. Kd3 Rd6+ 82.
Ke4 Re6+ 83. Kd3 Rd6+ 84. Ke2 Re6+ 85. Kf2 Ra6 86. Kg3 Rb6 87. Rd5 Rc6 88. Rd8 Rf6 89. Rg8+ Kh6 90. Ra8 Re6 91. Ra3 Kg6 92. f4 gxf4+ 93.
Kxf4 Rf6+ 94. Kg3 Re6 95. Kh4 Rf6 96. Ra8 Re6 97. Rg8+ Kf7 98. Rg5 Rd6 99. Re5 Rh6+ 100. Kg5 Rg6+ 101. Kf4 Rf6+ 102. Kg3 Kg6 103. Ra5 Re6 104. Kh4 Rf6 105. Ra8 Rc6 106. Rg8+ Kf7 107. Rg5 Rd6 108. Rh5 Re6 109. Rg5 Rd6 1/2-1/2

[Event "*** Titled Tuesday Blitz"]
[Site "Chess.com"]
[Date "2020.12.29"]
[Round "8"]
[White "WPWPWP-2015"]
[Black "GregShahade"]
[Result "0-1"]
[WhiteElo "2472"]
[BlackElo "2668"]
[TimeControl "180+1"]
[EndTime "11:31:12 PST"]
[Termination "GregShahade won by resignation"]

1. e4 e5 2. Nf3 Nc6 3. Bb5 a6 4. Ba4 Nf6 5. O-O Be7 6. Re1 b5 7. Bb3 O-O 8. d4 Nxd4 9. Nxe5 Nxb3 10. axb3 Bb7 11. Nc3 d6 12. Nd3 Re8 13. b4 Bf8 14. f3 d5 15. e5 Nd7 16. Bf4 Nb6 17. Ne2 d4 18. Nc5 Bxc5 19. bxc5 Na4 20. b4 Nc3 21.
Nxc3 dxc3 22. Ra3 Qe7 23. Rxc3 a5 24. bxa5 Rxa5 25. c6 b4 26. Rc4 Rc5 27. Qd4 Rxc6 28. Rxb4 Ba6 29. Qe4 Qc5+ 30. Kh1 Qxc2 31. Qxc2 Rxc2 32.
Ra4 Bb5 33. Ra7 c6 34. h3 h5 35. e6 Rxe6 36. Rxe6 fxe6 37. Be5 Re2 38. f4 Bc4 39.
Rxg7+ Kf8 40. Rg5 Bd5 41. Kg1 c5 42. g4 hxg4 43. hxg4 c4 44. Kf1 Re3 45. Rh5 c3 46.
Rh8+ Ke7 47. Rc8 Rf3+ 48. Ke2 Rg3 49. Rxc3 Rxg4 50. Rc7+ Kd8 51. Ra7 Kc8 52. Ke3 Rg3+ 53. Kd4 Rb3 54. Kc5 Rb7 55. Ra6 Kd7 56. Rd6+ Ke7 57.
Ra6 Rd7 58. Ra3 Kf7 59. Rh3 Kg6 60. Rg3+ Kf5 61. Rg5+ Ke4 62. Rg6 Rd8 63. Rh6 Rc8+ 64. Kd6 Rc6+ 65. Kd7 Ra6 66. Rh2 Kf5 67. Rh5+ Ke4 68.
Rh6 Ra7+ 69. Kd6 Ra6+ 70. Kd7 Ra7+ 71. Kd6 Ra6+ 72. Kc5 Rc6+ 73. Kb5 Rc1 74. Rh2 Rb1+ 75. Kc5 Rc1+ 76. Kd6 Rc6+ 77. Ke7 Kf5 78. Rh5+ Ke4 79. Kf6 Ra6 80. Rh2 Ra8 81. Re2+ Kf3 82. Re1 Rf8+ 83. Kg5 Rf5+ 84. Kg6 Kf2 85. Rc1 Kf3 86. Rd1 Rf8 87. Rd3+ Ke2 88. Rd4 Ke3 89. Rd1 Be4+ 90. Kg5 Rf5+ 91. Kg4 Bf3+ 92. Kg3 Bxd1 93. Bd6 Ke4 94. Bc7 Kd5 95. Bb8 Bc2 96. Bc7 Be4 97. Bb8 Rf7 98. Be5 Rf5 99. Bb8 Rf8 100. Bc7 Rg8+ 101. Kf2 Rg7 102. Be5 Rf7 103. Ke3 Rb7 104. Kf2 Rb3 105. Ke2 Bf5 106. Bc7 Ke4 107. Kd2 Rf3 108. Ke2 Rxf4 109. Bd6 Rf3 110. Kd2 Rh3 111. Ke2 Kd5 112. Bc7 e5 113.
Kf2 e4 114. Kg2 Rb3 115. Bf4 Kc4 116. Bg5 Kd3 117. Kg3 Rb7 118. Kf4 Bh7 119. Bh4 Rf7+ 120. Ke5 e3 121. Ke6 Rf1 122. Bg3 e2 123. Be1 Rxe1 0-1

[Event "*** Titled Tuesday Blitz"]
[Site "Chess.com"]
[Date "2020.12.29"]
[Round "9"]
[White "Tsyhanchuk_Stanislav"]
[Black "Moon_stone123"]
[Result "0-1"]
[WhiteElo "2277"]
[BlackElo "2428"]
[TimeControl "180+1"]
[EndTime "11:39:36 PST"]
[Termination "Moon_stone123 won by resignation"]

1. d4 d5 2. Nf3 Nf6 3. c4 dxc4 4.
e3 Bg4 5. Bxc4 e6 6. O-O Nc6 7. h3 Bh5 8. b3 a6 9. Ba3 Bxa3 10. Nxa3 O-O 11. Rc1 Qe7 12. Nb1 e5 13. dxe5 Nxe5 14. Be2 Rfd8 15. Nbd2 Nxf3+ 16. Bxf3 Bxf3 17. gxf3 Qd7 18.
Ne4 Qxh3 19. Nxf6+ gxf6 20. Qc2 Kh8 0-1

[Event "*** Titled Tuesday Blitz"]
[Site "Chess.com"]
[Date "2020.12.29"]
[Round "9"]
[White "Nadeev_Sergey"]
[Black "Aemulus20"]
[Result "0-1"]
[WhiteElo "2473"]
[BlackElo "2605"]
[TimeControl "180+1"]
[EndTime "11:39:57 PST"]
[Termination "Aemulus20 won by resignation"]

1. e4 c5 2. Nf3 g6 3. d4 cxd4 4.
Nxd4 Bg7 5. c4 Nc6 6. Be3 Nf6 7. Nc3 O-O 8. Be2 d6 9. O-O Nxd4 10. Bxd4 a5 11. b3 Bd7 12. Rc1 Bc6 13. f3 Nd7 14. Be3 Nc5 15. Qd2 e6 16. Rfd1 Be5 17. Bh6 Qh4 18.
f4 Bxc3 19. Rxc3 Qxh6 0-1

[Event "*** Titled Tuesday Blitz"]
[Site "Chess.com"]
[Date "2020.12.29"]
[Round "9"]
[White "Homino"]
[Black "SanchezKelvin"]
[Result "1-0"]
[WhiteElo "2303"]
[BlackElo "2425"]
[TimeControl "180+1"]
[EndTime "11:40:08 PST"]
[Termination "Homino won by resignation"]

1. e4 c5 2. Nf3 d6 3. d4 cxd4 4.
Nxd4 Nf6 5. Nc3 g6 6. Be3 Bg7 7. f3 O-O 8. Qd2 Nc6 9. O-O-O Nxd4 10. Bxd4 Qa5 11. Kb1 Kh8 12. h4 h5 13. g4 Be6 14. gxh5 Nxh5 15. Bxg7+ Kxg7 16. Rg1 Rfc8 17. Rg5 Qb4 18. f4 Rh8 19. Rb5 Qxb5 20. Nxb5 Ng3 21.
Qc3+ Kg8 22. Qxg3 1-0

[Event "*** Titled Tuesday Blitz"]
[Site "Chess.com"]
[Date "2020.12.29"]
[Round "9"]
[White "Ave_Mariia"]
[Black "orestn"]
[Result "0-1"]
[WhiteElo "2481"]
[BlackElo "2365"]
[TimeControl "180+1"]
[EndTime "11:40:23 PST"]
[Termination "orestn won by resignation"]

1. d4 d5 2. c4 e6 3. Nf3 Nf6 4. g3 Nbd7 5. Bg2 c6 6. O-O dxc4 7. Nbd2 b5 8. a4 a5 9. axb5 cxb5 10. Ne5 Nd5 11. e4 Nb4 12. Ndf3 Bb7 13. Nxd7 Qxd7 14. Ne5 Qc7 15. Bf4 Bd6 16. Qg4 O-O 17. Rac1 Rae8 18. b3 f6 19. Nd3 Nxd3 0-1

[Event "*** Titled Tuesday Blitz"]
[Site "Chess.com"]
[Date "2020.12.29"]
[Round "9"]
[White "The_filthy"]
[Black "NaciSAN"]
[Result "1-0"]
[WhiteElo "2301"]
[BlackElo "2162"]
[TimeControl "180+1"]
[EndTime "11:40:24 PST"]
[Termination "The_filthy won by resignation"]

1. e4 e5 2. Nf3 Nc6 3. Bb5 a6 4. Ba4 Nf6 5. d3 b5 6. Bb3 Be7 7. c3 O-O 8. O-O d6 9. h3 Na5 10. Bc2 c5 11. Re1 Nd7 12. Nbd2 Nc6 13. Nf1 Nb6 14. Ng3 Be6 15. d4 cxd4 16. cxd4 exd4 17.
Nxd4 Nxd4 18. Qxd4 Bf6 19. Qd3 Nc4 20. e5 Re8 21. Qxh7+ Kf8 22. exf6 Qxf6 23. Nh5 Qd4 24. Bg5 g6 25. Bf6 1-0

[Event "*** Titled Tuesday Blitz"]
[Site "Chess.com"]
[Date "2020.12.29"]
[Round "9"]
[White "lacafi"]
[Black "Kale36"]
[Result "0-1"]
[WhiteElo "2112"]
[BlackElo "2272"]
[TimeControl "180+1"]
[EndTime "11:40:28 PST"]
[Termination "Kale36 won by resignation"]

1. d4 Nc6 2. Nf3 d6 3. e3 Bg4 4.
Be2 e5 5. dxe5 dxe5 6. Qxd8+ Rxd8 7. O-O e4 8. Nd4 Nxd4 9. Bxg4 Nxc2 10. Nc3 Nxa1 11.
b3 Nc2 12. Bb2 Ba3 13. Bxa3 Nxa3 14. Nxe4 Nf6 15. Nxf6+ gxf6 16. Rc1 c6 17. h4 Ke7 18. Rc5 Rd5 0-1

[Event "*** Titled Tuesday Blitz"]
[Site "Chess.com"]
[Date "2020.12.29"]
[Round "9"]
[White "grandcoach"]
[Black "lamomiablanca"]
[Result "1-0"]
[WhiteElo "2131"]
[BlackElo "2249"]
[TimeControl "180+1"]
[EndTime "11:40:37 PST"]
[Termination "grandcoach won by resignation"]

1. e4 c5 2. b4 cxb4 3. a3 b3 4. cxb3 d6 5. Bb2 Nf6 6. Nc3 g6 7. Nd5 Bg7 8. Nxf6+ exf6 9. Bc4 O-O 10. Ne2 Nc6 11. d4 Ne7 12. O-O d5 13. Bd3 Be6 14.
Nf4 Qd6 15. g3 Rfc8 16. Re1 dxe4 17. Bxe4 Bd5 18. Nxd5 Nxd5 19. Qf3 Rd8 20. Bxd5 Qxd5 21. Re8+ 1-0

[Event "*** Titled Tuesday Blitz"]
[Site "Chess.com"]
[Date "2020.12.29"]
[Round "9"]
[White "CSB7"]
[Black "StellarChessPro"]
[Result "1-0"]
[WhiteElo "2635"]
[BlackElo "2502"]
[TimeControl "180+1"]
[EndTime "11:40:43 PST"]
[Termination "CSB7 won by resignation"]

1. e4 b6 2. d4 Bb7 3. Bd3 e6 4. Ne2 c5 5. c3 Nf6 6. Nd2 d6 7. O-O Be7 8. f4 O-O 9. a3 Nc6 10. Nf3 Rc8 11. Ng3 Nd7 12. d5 Ncb8 13. c4 exd5 14.
exd5 Nf6 15. b3 Re8 16. Bb2 Nbd7 17. Qc2 Bf8 18. Rae1 b5 19. Ng5 h6 20. Bh7+ 1-0

[Event "*** Titled Tuesday Blitz"]
[Site "Chess.com"]
[Date "2020.12.29"]
[Round "9"]
[White "HeadShotRomanTest"]
[Black "Blitzking642"]
[Result "0-1"]
[WhiteElo "2178"]
[BlackElo "2302"]
[TimeControl "180+1"]
[EndTime "11:40:47 PST"]
[Termination "Blitzking642 won by resignation"]

1. e4 c5 2. Nf3 Nc6 3. d4 cxd4 4. Nxd4 g6 5. Nc3 Bg7 6. Be3 Nf6 7. Bc4 O-O 8. f3 Qb6 9. Nf5 Qxb2 10. Na4 Qb4+ 11.
c3 Qxc4 12. Nxg7 Kxg7 13. Qc2 0-1

[Event "*** Titled Tuesday Blitz"]
[Site "Chess.com"]
[Date "2020.12.29"]
[Round "9"]
[White "Skatchkov_V"]
[Black "ExcitingTrap"]
[Result "0-1"]
[WhiteElo "2501"]
[BlackElo "2379"]
[TimeControl "180+1"]
[EndTime "11:40:54 PST"]
[Termination "ExcitingTrap won by resignation"]

1. d4 Nf6 2. c4 g6 3. Nf3 Bg7 4.
g3 O-O 5. Bg2 d6 6. O-O c5 7.
Nc3 cxd4 8. Nxd4 Nc6 9. Nc2 Be6 10. b3 Qd7 11. Bb2 Bh3 12. Nd5 Nxd5 13. Bxg7 Kxg7 14. cxd5 Ne5 15. Qd4 Kg8 16. Ne3 Bxg2 17. Kxg2 a6 18. Rac1 Rac8 19. h3 f5 20. f4 Nf7 21. Nc4 Qb5 22. Rf3 Rc5 23. Rd1 Rfc8 24. Re3 R8c7 25. Re6 Nd8 26. Nxd6 exd6 27. Re8+ Qxe8 0-1

[Event "*** Titled Tuesday Blitz"]
[Site "Chess.com"]
[Date "2020.12.29"]
[Round "9"]
[White "MashaFromRussia"]
[Black "A-S-00"]
[Result "1-0"]
[WhiteElo "2398"]
[BlackElo "2271"]
[TimeControl "180+1"]
[EndTime "11:41:30 PST"]
[Termination "MashaFromRussia won by resignation"]

1. d4 Nf6 2. c4 g6 3. Nf3 Bg7 4. g3 d6 5. Bg2 O-O 6. O-O Nbd7 7. Nc3 e5 8. dxe5 dxe5 9. Qc2 c6 10. Rd1 Qe7 11.
e4 Nc5 12. b4 Ne6 13. Rb1 Nd7 14. Be3 f5 15. exf5 gxf5 16. Nh4 e4 17. Bh3 Ng5 18. Bxf5 Nf3+ 19. Nxf3 Rxf5 20. Nh4 Rf8 21. Qxe4 Ne5 22. Bc5 Nf3+ 23. Nxf3 Qxe4 24. Nxe4 Rxf3 25. Rd8+ Kf7 26. Ng5+ 1-0

[Event "*** Titled Tuesday Blitz"]
[Site "Chess.com"]
[Date "2020.12.29"]
[Round "9"]
[White "Kretov_Evgenij"]
[Black "CM_rui"]
[Result "1-0"]
[WhiteElo "2522"]
[BlackElo "2353"]
[TimeControl "180+1"]
[EndTime "11:41:42 PST"]
[Termination "Kretov_Evgenij won by checkmate"]

1. d4 Nf6 2. c4 e6 3. Nc3 Bb4 4. Bg5 O-O 5. Qc2 d6 6. e3 h6 7.
Bh4 Nbd7 8. Nf3 Qe7 9. Bd3 e5 10. dxe5 dxe5 11. Nd2 Bxc3 12. Qxc3 b6 13. O-O-O Nc5 14.
Bc2 a5 15. f4 exf4 16. exf4 Bg4 17. Rhe1 Ne6 18. Nf3 Qb4 19. Bxf6 gxf6 20. Qxf6 Qxc4 21. f5 Nc5 22. Rd4 Nd3+ 23. Rxd3 Rad8 24. Rxd8 Rxd8 25.
Qxd8+ Kg7 26. f6# 1-0

[Event "*** Titled Tuesday Blitz"]
[Site "Chess.com"]
[Date "2020.12.29"]
[Round "9"]
[White "MVM2008"]
[Black "ChronicUnhappiness"]
[Result "1-0"]
[WhiteElo "2222"]
[BlackElo "2317"]
[TimeControl "180+1"]
[EndTime "11:41:50 PST"]
[Termination "MVM2008 won by checkmate"]

1. e4 Nf6 2. e5 Nd5 3. c4 Nb6 4. c5 Nd5 5. Nc3 e6 6. Nf3 d6 7. cxd6 cxd6 8. exd6 Bxd6 9. d4 Nxc3 10. bxc3 O-O 11.
Bd3 b6 12. Bxh7+ Kxh7 13. Ng5+ Kg6 14. h4 Bb7 15. Qg4 f5 16. h5+ Kf6 17. Nh7+ Kf7 18.
Qg6+ Kg8 19. h6 Qe7 20. Bg5 Qf7 21. Nf6+ Qxf6 22. Bxf6 Rxf6 23. Qxg7# 1-0

[Event "*** Titled Tuesday Blitz"]
[Site "Chess.com"]
[Date "2020.12.29"]
[Round "9"]
[White "davigator"]
[Black "Region_07"]
[Result "0-1"]
[WhiteElo "2292"]
[BlackElo "2473"]
[TimeControl "180+1"]
[EndTime "11:41:55 PST"]
[Termination "Region_07 won by resignation"]

1. e4 Nc6 2. Bb5 a6 3. Bc4 e6 4.
c3 d5 5. Bd3 Nf6 6. exd5 Qxd5 7. Bf1 e5 8. d3 Bg4 9. Qb3 O-O-O 10. Be3 Bf5 11. c4 Qa5+ 12. Nd2 Bb4 13. O-O-O Rhe8 14. Ngf3 e4 15. dxe4 Nxe4 16. a3 Nc5 17. Qa2 Qa4 18. b3 Bxa3+ 0-1